 Dungeon Crawl Stone Soup version 0.21-a0-238-geb0acef (webtiles) character file.

84 Gorice the Bolt Thrower (level 4, 0/32 HPs)
             Began as a Gnoll Arcane Marksman on Sept 2, 2017.
             Slain by an orc (2 damage)
             ... on level 2 of the Dungeon.
             The game lasted 00:11:21 (2746 turns).

Gorice the Bolt Thrower (Gnoll Arcane Marksman)     Turns: 2746, Time: 00:11:22

Health: 0/32       AC:  3    Str:  7    XL:     4   Next: 46%
Magic:  15/15      EV: 12    Int:  7    God:
Gold:   94         SH:  0    Dex:  7    Spells: 5/6 levels left

rFire    . . .     SeeInvis .   b - +0 long sword
rCold    . . .     Gourm    .   (no shield)
rNeg     . . .     Faith    .   e - +1 robe
rPois    .         Spirit   .   (no helmet)
rElec    .         Reflect  .   (no cloak)
rCorr    +         Harm     .   (no gloves)
MR       .....                  (no boots)
Stlth    +.........             (no amulet)
HPRegen  0.10/turn              o - ring of resist corrosion
MPRegen  0.14/turn              y - ring of magical power

@: very slightly contaminated, hasted, very quick
A: unchanging attributes, fangs 1, strong nose
a: no special abilities


You were on level 2 of the Dungeon.
You were not hungry.

You visited 1 branch of the dungeon, and saw 3 of its levels.

You collected 94 gold pieces.

Inventory:

Hand Weapons
 a - a +1 hand crossbow
 b - a +0 long sword (weapon)
 h - a +0 dagger
 s - a +0 whip
 x - a cursed +0 quarterstaff
Missiles
 d - 9 bolts
 j - 8 javelins (quivered)
 Z - 95 stones
Armour
 e - a +1 robe (worn)
Jewellery
 o - a ring of resist corrosion (left hand)
 y - a ring of magical power (right hand)
Wands
 w - a wand of scattershot (2/9)
Scrolls
 q - 2 scrolls of teleportation {!r}
Potions
 g - 2 potions of haste {!q}
 i - a potion of curing {unknown}
 k - a potion of degeneration {unknown}
 l - 4 potions of mutation {!q}
 n - a potion of invisibility {unknown}
 p - a potion of cancellation {unknown}
 r - 3 potions of agility {!q}
 t - a potion of flight {unknown}
 u - a potion of lignification {unknown}
Books
 c - a book of Debilitation
Comestibles
 f - 2 bread rations {!e}
 m - 2 royal jellies
 v - 2 chunks of flesh


   Skills:
 - Level 1.3 Fighting
 + Level 1.6 Long Blades
 + Level 5.7 Crossbows
 - Level 2.6 Dodging
 - Level 1.5 Spellcasting
 - Level 4.0 Hexes


You had 5 spell levels left.
You knew the following spells:

 Your Spells              Type           Power        Failure   Level  Hunger
a - Corona                Hex            #......      8%          1    ##.....


Dungeon Overview and Level Annotations

Branches:
Dungeon (3/15)

Altars:
Kikubaaqudgha

Annotations:
D:2 Sigmund


Innate Abilities, Weirdness & Mutations

Your physical attributes are unchanging.
You have very sharp teeth.
Your uncanny sense of smell can sniff out nearby items.


Message History

Level annotation: Sigmund
There is a stone staircase leading down, spattered with blood here.
You barely miss the orc. The orc misses you.
You riposte.
You hit the orc.
The orc is heavily wounded.
The orc closely misses you. The orc hits you with a short sword.
Damage: 6 (max 6)
Casting: Corona
Confirm with . or Enter, or press ? or * to list all spells.
Aiming: Corona
Press: ? - help, Shift-Dir - straight line, f - orc
Aim: an orc, wielding a short sword (heavily wounded, chance to defeat MR: 58%)
You miscast Corona.
You are very lightly contaminated with residual magic.
Your hands glow momentarily.
The orc hits you but does no damage. The orc hits you with a short sword.
Damage: 6 (max 6)
You barely miss the orc.
The orc is heavily wounded.
The orc barely misses you. The orc closely misses you.
You closely miss the orc.
The orc is heavily wounded.
The orc hits you but does no damage. The orc completely misses you.
The orc hits you.
Damage: 3 (max 6)
You hit the orc.
The orc is severely wounded.
The orc hits you with a short sword.
* * * LOW HITPOINT WARNING * * *
The orc barely misses you.
You riposte.
You closely miss the orc. The orc hits you with a short sword.
* * * LOW HITPOINT WARNING * * *
Damage: 9 (max 9)
You closely miss the orc.
The orc is heavily wounded.
The orc hits you but does no damage. x2
Unknown command.
You completely miss the orc.
The orc is heavily wounded.
The orc hits you.
* * * LOW HITPOINT WARNING * * *
The orc hits you with a short sword.
* * * LOW HITPOINT WARNING * * *
The orc hits you but does no damage.
Damage: 4 (max 9) Unknown command.
Really quaff
g - 3 potions of haste {!q}?
You feel yourself speed up. The orc hits you with a short sword.
* * * LOW HITPOINT WARNING * * *
The orc hits you.
You die...

########## #...o@o..# ##########
#.######.# ### #........###.#
#.# ##.##
..#...#...##.######.#######.#.##
....#............)...........#.#
##....#..<#...#...#.#######...##
#.#.###..).........#...# ##.##
#.#.# ####...#...#.#.#.# #.#
#.#.# ##........#.#.####.#


You could see 2 orcs.

Vanquished Creatures
  3 adders
  3 dart slugs
  2 leopard geckos (D:2)
  6 bats
  2 giant cockroaches (D:2)
  7 goblins
  4 hobgoblins (D:1)
  3 jackals
  2 quokkas (D:3)
  A ball python (D:3)
  3 frilled lizards
  6 kobolds
  6 rats
48 creatures vanquished.

Notes
Turn   | Place    | Note
-------+----------+-------------------------------------------
     0 | D:1      | Gorice the Gnoll Arcane Marksman began the quest for the Orb.
     0 | D:1      | Reached XP level 1. HP: 15/15 MP: 3/3
    55 | D:1      | Reached skill level 3 in Crossbows
   155 | D:1      | Reached XP level 2. HP: 13/21 MP: 2/4
   277 | D:1      | Reached skill level 4 in Crossbows
   520 | D:1      | Reached XP level 3. HP: 26/26 MP: 2/5
  1009 | D:2      | Noticed Sigmund
  1018 | D:2      | HP: 4/26 [Sigmund/puff of flame (6)]
  1521 | D:2      | Reached skill level 5 in Crossbows
  1819 | D:2      | Found an ancient bone altar of Kikubaaqudgha.
  2158 | D:2      | Reached skill level 1 in Long Blades
  2158 | D:2      | Reached XP level 4. HP: 27/32 MP: 3/6
  2743 | D:2      | HP: 8/32 [orc/short sword (3)]
  2746 | D:2      | HP: 2/32 [orc/short sword (2)]
  2746 | D:2      | Slain by an orc

Vault maps used:
D:1:      dpeg_arrival_stone_temple_mockup, minmay_pentomino_s2
D:2:      marbit_many_paths, uniq_sigmund

Skill      XL: |  1  2  3 |
---------------+----------+-----
Crossbows      | 3 4 5 |  5.7
Long Blades    | 1 |  1.6
Fighting       | |  1.3
Dodging        | |  2.6
Spellcasting   | |  1.5
Hexes          | |  4.0

Action                   |  1- 3 |  4- 6 || total
-------------------------+-------+-------++-------
Melee: Long sword        |    30 |    29 ||    59
       Bite              |     2 |     2 ||     4
 Fire: Hand crossbow     |    66 |    10 ||    76
 Cast: Corona            |    32 |    15 ||    47
  Use: Scroll            |     6 |     4 ||    10
       Potion            |       |     1 ||     1
  Eat: Chunk             |     5 |     3 ||     8
Armor: Robe              |    13 |    14 ||    27
Dodge: Dodged            |    50 |    40 ||    90
       Rpst.: Long sword |     7 |    10 ||    17

Table legend:
 A = Spawn XP
 B = Non-spawn XP
 C = Spawn XP percentage of total XP
 D = Spawn monster count
 E = Non-spawn monster count
 F = Spawn count percentage of total count
 G = Total turns spent on level
                    A         B        C        D         E        F      G
               +---------+---------+-------+---------+---------+-------+---------
         Total |      34 |      87 |  28.1 |       7 |      41 |  14.6 |  2746
               +---------+---------+-------+---------+---------+-------+---------
           D:1 |       3 |      41 |   6.8 |       2 |      23 |   8.0 |  1418
           D:2 |      18 |      40 |  31.0 |       4 |      14 |  22.2 |  1168
           D:3 |      13 |       6 |  68.4 |       1 |       4 |  20.0 |   160
               +---------+---------+-------+---------+---------+-------+---------

Table legend:
 A = Turns spent in this place as a percentage of turns spent in the entire game.
 B = Non-inter-level travel turns spent in this place as a percentage of non-inter-level travel turns spent in the entire game.
 C = Inter-level travel turns spent in this place as a percentage of turns spent in this place.
 D = Turns resting spent in this place as a percentage of non-inter-level travel turns spent in this place.
 E = Turns spent auto-exploring this place as a percentage of non-inter-level travel turns spent in this place.
 F = Non-inter-level travel turns spent in this place divided by the number of levels of this place that you've seen.
                   A       B       C       D       E      F
               +-------+-------+-------+-------+-------+----------------------
         Total | 100.0 | 100.0 |   4.5 |  36.7 |  28.5 | 874.0
       Dungeon | 100.0 | 100.0 |   4.5 |  36.7 |  28.5 | 874.0
               +-------+-------+-------+-------+-------+----------------------

Vault maps used:
D:1:      dpeg_arrival_stone_temple_mockup, minmay_pentomino_s2
D:2:      marbit_many_paths, uniq_sigmund
